 Dungeon Crawl Stone Soup version 0.29-a0-845-g6161e89988 (webtiles) character file.

Game seed: 16696063080947225528

7 xxMUMMYxxTRUMPxx the Trooper (level 1, -1/18 HPs)
             Began as a Mummy Cinder Acolyte on July 15, 2022.
             Was a High Priest of Ignis.
             Slain by a kobold
             ... wielding a +0 short sword
              (4 damage)
             ... on level 1 of the Dungeon.
             The game lasted 00:00:45 (76 turns).

xxMUMMYxxTRUMPxx the Trooper (Mummy Cinder Acolyte)   Turns: 76, Time: 00:00:46

Health: -1/18      AC:  9    Str: 17    XL:     1   Next: 83%
Magic:  3/3        EV: 11    Int: 13    God:    Ignis [*****.]
Gold:   8          SH:  0    Dex:  7    Spells: 4/4 levels left

rFire   . . .      SeeInvis .   a - -1 mace (flame)
rCold   + . .      Faith    .   (no shield)
rNeg    + + +      Spirit   .   b - +0 robe
rPois   ∞          Reflect  .   (no helmet)
rElec   .          Harm     .   (no cloak)
rCorr   .          Rampage  .   (no gloves)
Will    .....                   (no boots)
Stlth   +.........              (no amulet)
HPRegen 0.06/turn               (no ring)
MPRegen 0.08/turn               (no ring)

@: fiery-armoured
A: cold resistance 1, negative energy resistance 3, torment resistance 2, heat
vulnerability 1, no potions
a: Renounce Religion, Fiery Armour, Foxfire Swarm, Rising Flame


You were on level 1 of the Dungeon.
You worshipped Ignis.
Ignis was extremely pleased with you.
You visited 1 branch of the dungeon, and saw 1 of its levels.

You collected 8 gold pieces.

Inventory:

Hand Weapons
 a - a -1 mace of flaming (weapon)
Armour
 b - a +0 robe (worn)


   Skills:
 - Level 3.0 Fighting
 - Level 2.4 Maces & Flails
 + Level 2.0 Spellcasting
 + Level 2.6 Fire Magic


You had 4 spell levels left.
You didn't know any spells.
Your spell library contained the following spells:

 Spells                   Type           Power      Damage    Failure   Level
 Scorch                   Fire           16%        2d6       13%         2


Dungeon Overview and Level Annotations

Branches:
Dungeon (1/15)

Altars:


Innate Abilities, Weirdness & Mutations

You are immune to poison.
Your flesh is cold resistant. (rC+)
You are immune to negative energy. (rN+++)
You are immune to unholy pain and torment.
You are vulnerable to heat. (rF-)
You do not drink.


Message History

You barely miss the goblin.
The goblin shouts!
You hear a shout!
The goblin hits you with a +0 club.
You hit the goblin. You burn the goblin.
You kill the goblin!
You hit the quokka but do no damage. The quokka misses you.
The quokka bites you.
You hit the quokka. You burn the quokka.
The quokka is heavily wounded.
The quokka bites you.
The quokka bites you but does no damage.
You hit the quokka. You burn the quokka.
The quokka is almost dead.
The quokka bites you but does no damage.
You barely miss the quokka.
The quokka is almost dead.
The quokka bites you. x2
* * * LOW HITPOINT WARNING * * *
You hit the quokka. You burn the quokka.
You kill the quokka!
The goblin throws a stone.
The stone closely misses you.
You closely miss the goblin.
The goblin shouts!
The goblin hits you with a +3 dagger of venom.
* * * LOW HITPOINT WARNING * * *
A protective cloak of flame settles atop you.
The goblin barely misses you.
You sock the goblin! You burn the goblin.
You kill the goblin!
A kobold comes into view. It is wielding a +0 short sword.
The kobold shouts!
You hit the goblin but do no damage. The goblin barely misses you.
The goblin hits you but does no damage.
The goblin is burned by your cloak of flames.
You kill the goblin!
Your Spellcasting skill increases to level 2!
Items here: ( ))) †.
You miss the kobold.
The kobold hits you with a +0 short sword.
You die...

'.<.+ #...# ##.. ##+##
#... .#.# ... .#'# #..
.#.# #.# .#'# #.# #
...#############.#.###
...............)@K...#
..##############..##....
..# ...# # ..# ...## ###
....# .....# ......#
.......#


You could see a kobold.

Vanquished Creatures
  3 goblins (D:1)
  A quokka (D:1)
  2 frilled lizards (D:1)
6 creatures vanquished.

Notes
Turn   | Place    | Note
-------+----------+-------------------------------------------
     0 | D:1      | xxMUMMYxxTRUMPxx the Mummy Cinder Acolyte began the quest
                  | for the Orb.
     0 | D:1      | Reached XP level 1. HP: 18/18 MP: 2/2
    76 | D:1      | Slain by a kobold

Illustrated notes

Levels and vault maps discovered:
D:1:      minmay_arrival_doors, layout_rooms, grunt_decor_clamped

Skill      XL: |  1 |
---------------+----+-----
Spellcasting   | 2 |  2.0
Fighting       | |  3.0
Maces & Flails | |  2.4
Fire Magic     | |  2.6

Action                   || total
-------------------------++-------
Melee: Mace              ||    16
Invok: Fiery Armour      ||     1
Armor: Robe              ||     4
Dodge: Dodged            ||     7

Table legend: (Time is in decaauts)
 A = Elapsed time spent in this place.
 B = Non-inter-level travel time spent in this place.
 C = Inter-level travel time spent in this place.
 D = Time resting spent in this place.
 E = Time spent auto-exploring this place.
 F = Levels seen in this place.
 G = Mean time per level.
                   A        B        C        D        E       F      G
               +--------+--------+--------+--------+--------+-----+--------+
         Total |     80 |     80 |      0 |      0 |      0 |   1 |   80.0 |
       Dungeon |     80 |     80 |      0 |      0 |      0 |   1 |   80.0 |
               +--------+--------+--------+--------+--------+-----+--------+

Top non-repeatable levels by time:
     D:1: 80 daAuts
